 Dungeon Crawl Stone Soup version 0.31-a0-165-g3f4f80340b (webtiles) character file.

Game seed: 11704928404828596052

1565 qw the Skirmisher (level 8, -11/74 HPs)
             Began as a Naga Hunter on June 13, 2023.
             Was a Follower of Okawaru.
             Mangled by a gnoll sergeant
             ... wielding a +0 spear of distortion
              (16 damage)
             ... on level 6 of the Dungeon.
             The game lasted 00:01:48 (4671 turns).

qw the Skirmisher (Naga Hunter)                     Turns: 4671, Time: 00:01:48

Health: -11/74     AC:  4    Str: 14    XL:     8   Next: 89%
Magic:  8/10       EV: 13    Int:  8    God:    Okawaru [*.....]
Gold:   215        SH:  0    Dex: 16    Spells: 7/7 levels left

rFire   . . .        Y - +1 shortbow
rCold   . . .        (shield currently unavailable)
rNeg    . . .        c - +0 leather armour
rPois   +            (helmet restricted)
rElec   .            (no cloak)
rCorr   .            (no gloves)
SInv    +            (no barding)
Will    +....        e - amulet of regeneration
Stlth   +++          (no ring)
HPRegen 1.12/turn    (no ring)
MPRegen 0.12/turn

%: no passive effects
@: about to teleport, short of breath, heroic, very slow
A: AC +2, large, see invisible, deformed body, poison resistance, slowness 2,
spit poison 1, naga tail 1, antennae 1, dopey 1
a: Spit Poison, Renounce Religion, Heroism


You were on level 6 of the Dungeon.
You worshipped Okawaru.
Okawaru was aware of your devotion.
You visited 2 branches of the dungeon, and saw 7 of its levels.

You collected 248 gold pieces.
You spent 33 gold pieces at shops.


Innate Abilities, Weirdness & Mutations

Your serpentine skin is tough. (AC +2)
You have supernaturally acute eyesight. (SInv)
Armour fits poorly on your strangely shaped body.
Your system is resistant to poisons. (rPois)
You cover ground very slowly.
You can spit poison.
You have a snake-like lower body.
You have a pair of small antennae on your head.
You are dopey. (Int -2)


   Skills:
 - Level 5.0(10.0) Fighting
 + Level 8.9(13.9) Ranged Weapons
 - Level 2.3(7.3) Dodging
 - Level 1.5(6.5) Stealth
 + Level 3.6 Invocations


You had 7 spell levels left.
You didn't know any spells.
Your spell library was empty.

Inventory:

Hand Weapons
 Y - a +1 shortbow (weapon)
Armour
 c - a +0 leather armour (worn)
 h - the +0 robe "Eluagaecw" {Slay+2}
   (You took it off an orc on level 6 of the Dungeon)

   Slay:      It affects your accuracy & damage with ranged weapons and melee
   (+2).
Jewellery
 e - an amulet of regeneration (around neck)
Scrolls
 d - a scroll of silence {unknown}
 f - a scroll of identify
Potions
 b - 3 potions of cancellation
 g - 3 potions of curing
 j - a potion of might

Dungeon Overview and Level Annotations

Branches:
Dungeon (6/15)             Temple (1/1) D:4

Altars:
Ashenzari
Cheibriados
Fedhas
Gozag
Kikubaaqudgha
Makhleb
Nemelex Xobeh
Okawaru
Ru
Sif Muna
Trog
Uskayaw
Vehumet
Wu Jian
Xom
Yredelemnul
Zin

Shops:
D:6 *


Message History

The gnoll hits you with a +0 flail! The gnoll closely misses you.
The gnoll sergeant hits you from afar with a +0 spear of distortion.
4664 ||| INVOKING Spit Poison.
Aiming: Spit Poison (1% risk of failure)
Press: ? - help, Shift-Dir - straight line, f/p - gnoll The splash of poison hits the gnoll.
You kill the gnoll!
Okawaru accepts your kill. The gnoll hits you with a +0 flail.
The gnoll sergeant barely misses you.
A gnoll comes into view. It is wielding a +0 flail.
You shoot an arrow. The arrow barely misses the gnoll.
You hear a shout!
You shoot an arrow. The arrow closely misses the gnoll.
The gnoll closely misses you.
The gnoll sergeant completely misses you.
You shoot an arrow. The arrow hits the gnoll.
The gnoll is heavily wounded.
The gnoll barely misses you.
A gnoll comes into view. It is wielding a +0 flail.
The gnoll sergeant completely misses you.
You shoot an arrow. The arrow hits the gnoll!
You kill the gnoll!
Okawaru accepts your kill. The gnoll hits you with a +0 flail.
The gnoll sergeant hits you from afar with a +0 spear of distortion!
You shoot an arrow. The arrow hits the gnoll!
The gnoll is severely wounded.
You shoot an arrow. The arrow hits the gnoll.
You kill the gnoll!
Okawaru accepts your kill. The gnoll barely misses you.
The gnoll sergeant hits you but does no damage.
Space warps around you.
4671 ||| READING scroll of teleportation.
As you read the scroll of teleportation, it crumbles to dust.
You feel strangely unstable. The gnoll hits you with a +0 flail!
The gnoll sergeant hits you from afar with a +0 spear of distortion.
Space warps horribly around you!
You die...

#. .#####
######.###......
.......#........
...............
.............
#...........
#.[.g)).....
#...@)g.....
#...##.##### ###
#...# # ..#
####.[.# ..#
#####).....##...
..#
#.....)........#
..#
#........#####.#
###
#....#.......# #
###....#######.#


You could see a gnoll sergeant and a gnoll.

Vanquished Creatures
  Grinder (D:5)
  Eustachio (D:4)
  Menkaure (D:4)
  2 ice beasts (D:6)
  An ogre (D:5)
  A centaur (D:5)
  A bullfrog (D:6)
  3 scorpions
  A killer bee (D:5)
  A hound (D:6)
  2 jellies
  An orc priest (D:4)
  3 iguanas
  A sleepcap (D:6)
  Ijyb (D:5)
  An orc wizard (D:6)
  Natasha (thrice) (D:4)
  3 gnolls (D:6)
  5 adders
  A worm (D:5)
  6 orcs
  4 ball pythons
  8 bats
  4 endoplasms
  4 giant cockroaches
  8 goblins
  3 hobgoblins
  4 jackals (D:2)
  2 quokkas
  6 frilled lizards
  4 kobolds
  5 rats
92 creatures vanquished.

Notes
Turn   | Place    | Note
-------+----------+-------------------------------------------
     0 | D:1      | qw the Naga Hunter began the quest for the Orb.
     0 | D:1      | Reached XP level 1. HP: 19/19 MP: 1/1
     0 | D:1      | 0 ||| qw: Version: 0.2-a-29-gc1b59c4
     0 | D:1      | 0 ||| qw: Game counter: 4718
     0 | D:1      | 0 ||| qw: Always use a shield: true
     0 | D:1      | 0 ||| qw: God list: Okawaru
     0 | D:1      | 0 ||| qw: Allow faded altars: false
     0 | D:1      | 0 ||| qw: Do Orc after D:15 true
     0 | D:1      | 0 ||| qw: Do second Lair branch before Depths: true
     0 | D:1      | 0 ||| qw: Lair rune preference: random
     0 | D:1      | 0 ||| qw: Plans: Normal
     0 | D:1      | 0 ||| PLANNING D:1-11
    28 | D:1      | 28 ||| INVOKING Spit Poison.
    42 | D:1      | 42 ||| INVOKING Spit Poison.
    46 | D:1      | 46 ||| INVOKING Spit Poison.
    76 | D:1      | 76 ||| INVOKING Spit Poison.
   105 | D:1      | 105 ||| INVOKING Spit Poison.
   165 | D:1      | 165 ||| INVOKING Spit Poison.
   171 | D:1      | Reached skill level 4 in Ranged Weapons
   171 | D:1      | Reached XP level 2. HP: 20/26 MP: 2/2
   365 | D:1      | 365 ||| INVOKING Spit Poison.
   446 | D:1      | 446 ||| INVOKING Spit Poison.
   551 | D:1      | 551 ||| INVOKING Spit Poison.
   683 | D:1      | 683 ||| INVOKING Spit Poison.
   747 | D:1      | 747 ||| UPGRADING to amulet of regeneration.
   752 | D:1      | 752 ||| READING scroll labelled OBBIEN FORUO.
   753 | D:1      | 753 ||| DRINKING 2 emerald potions.
   754 | D:1      | 754 ||| DROPPING scroll of butterflies.
   755 | D:1      | 755 ||| DROPPING potion of degeneration.
   793 | D:2      | 793 ||| INVOKING Spit Poison.
   797 | D:2      | 797 ||| INVOKING Spit Poison.
   800 | D:2      | 800 ||| INVOKING Spit Poison.
   804 | D:2      | 804 ||| INVOKING Spit Poison.
   808 | D:2      | 808 ||| INVOKING Spit Poison.
   829 | D:2      | 829 ||| INVOKING Spit Poison.
   855 | D:2      | 855 ||| INVOKING Spit Poison.
   935 | D:2      | 935 ||| INVOKING Spit Poison.
   936 | D:2      | Reached XP level 3. HP: 32/32 MP: 3/3
   955 | D:2      | 955 ||| INVOKING Spit Poison.
   986 | D:2      | 986 ||| INVOKING Spit Poison.
  1009 | D:2      | 1009 ||| INVOKING Spit Poison.
  1017 | D:2      | 1017 ||| INVOKING Spit Poison.
  1018 | D:2      | 1018 ||| INVOKING Spit Poison.
  1024 | D:2      | 1024 ||| INVOKING Spit Poison.
  1029 | D:2      | 1029 ||| INVOKING Spit Poison.
  1060 | D:2      | 1060 ||| INVOKING Spit Poison.
  1099 | D:2      | 1099 ||| INVOKING Spit Poison.
  1215 | D:2      | 1215 ||| INVOKING Spit Poison.
  1236 | D:2      | You fall into a shaft and drop 1 floor!
  1255 | D:3      | 1255 ||| READING scroll labelled PAPUVE VIE.
  1259 | D:3      | 1259 ||| Stepping randomly (stuck).
  1260 | D:3      | 1260 ||| Stepping randomly (stuck).
  1261 | D:3      | 1261 ||| Stepping randomly (stuck).
  1262 | D:3      | 1262 ||| Stepping randomly (stuck).
  1263 | D:3      | 1263 ||| Stepping randomly (stuck).
  1391 | D:2      | 1391 ||| INVOKING Spit Poison.
  1394 | D:2      | 1394 ||| INVOKING Spit Poison.
  1410 | D:2      | 1410 ||| INVOKING Spit Poison.
  1415 | D:2      | 1415 ||| INVOKING Spit Poison.
  1421 | D:2      | 1421 ||| INVOKING Spit Poison.
  1424 | D:2      | Reached skill level 5 in Ranged Weapons
  1723 | D:3      | Noticed a scorpion
  1724 | D:3      | 1724 ||| INVOKING Spit Poison.
  1730 | D:3      | 1730 ||| INVOKING Spit Poison.
  1732 | D:3      | Killed a scorpion
  1733 | D:3      | Reached skill level 3 in Fighting
  1733 | D:3      | Reached XP level 4. HP: 30/42 MP: 4/4
  1761 | D:3      | 1761 ||| INVOKING Spit Poison.
  1766 | D:3      | 1766 ||| INVOKING Spit Poison.
  1808 | D:3      | 1808 ||| INVOKING Spit Poison.
  1813 | D:3      | Reached XP level 5. HP: 49/49 MP: 5/5
  1858 | D:3      | Found a sacrificial altar of Ru.
  1875 | D:3      | 1875 ||| INVOKING Spit Poison.
  1878 | D:3      | 1878 ||| INVOKING Spit Poison.
  1891 | D:3      | 1891 ||| INVOKING Spit Poison.
  1951 | D:3      | 1951 ||| INVOKING Spit Poison.
  1992 | D:3      | 1992 ||| INVOKING Spit Poison.
  2023 | D:3      | 2023 ||| INVOKING Spit Poison.
  2160 | D:3      | 2160 ||| UPGRADING to +0 helmet.
  2165 | D:3      | 2165 ||| READING 2 scrolls labelled MOSOSHR UNUYDI.
  2166 | D:3      | 2166 ||| READING scroll labelled VOGRIWUAMP.
  2167 | D:3      | 2167 ||| DRINKING 2 brown potions.
  2168 | D:3      | 2168 ||| DRINKING 2 coppery potions.
  2169 | D:3      | 2169 ||| READING 3 scrolls of identify.
  2169 | D:3      | 2169 ||| IDENTIFYING metallic sapphire potion
  2170 | D:3      | 2170 ||| READING 2 scrolls of identify.
  2170 | D:3      | 2170 ||| IDENTIFYING black potion
  2171 | D:3      | 2171 ||| DROPPING potion of invisibility.
  2172 | D:3      | 2172 ||| DROPPING scroll of fear.
  2218 | D:4      | 2218 ||| STAIRDANCE
  2222 | D:4      | 2222 ||| STAIRDANCE
  2226 | D:4      | 2226 ||| STAIRDANCE
  2230 | D:4      | 2230 ||| STAIRDANCE
  2234 | D:4      | 2234 ||| STAIRDANCE
  2238 | D:4      | 2238 ||| STAIRDANCE
  2242 | D:4      | 2242 ||| STAIRDANCE
  2246 | D:4      | 2246 ||| STAIRDANCE
  2250 | D:4      | 2250 ||| STAIRDANCE
  2254 | D:4      | 2254 ||| STAIRDANCE
  2258 | D:4      | 2258 ||| STAIRDANCE
  2262 | D:4      | 2262 ||| STAIRDANCE
  2266 | D:4      | 2266 ||| STAIRDANCE
  2270 | D:4      | 2270 ||| STAIRDANCE
  2274 | D:4      | 2274 ||| STAIRDANCE
  2278 | D:4      | 2278 ||| STAIRDANCE
  2282 | D:4      | 2282 ||| STAIRDANCE
  2286 | D:4      | 2286 ||| STAIRDANCE
  2290 | D:4      | 2290 ||| STAIRDANCE
  2294 | D:4      | 2294 ||| STAIRDANCE
  2334 | D:4      | Noticed Natasha
  2335 | D:4      | 2335 ||| INVOKING Spit Poison.
  2339 | D:4      | 2339 ||| INVOKING Spit Poison.
  2342 | D:4      | 2342 ||| INVOKING Spit Poison.
  2344 | D:4      | 2344 ||| INVOKING Spit Poison.
  2345 | D:4      | Killed Natasha
  2349 | D:4      | 2349 ||| INVOKING Spit Poison.
  2467 | D:4      | 2467 ||| INVOKING Spit Poison.
  2520 | D:4      | 2520 ||| INVOKING Spit Poison.
  2523 | D:4      | 2523 ||| INVOKING Spit Poison.
  2527 | D:4      | Noticed Eustachio
  2529 | D:4      | 2529 ||| INVOKING Spit Poison.
  2534 | D:4      | 2534 ||| INVOKING Spit Poison.
  2537 | D:4      | Killed Eustachio
  2538 | D:4      | Reached skill level 6 in Ranged Weapons
  2538 | D:4      | Reached XP level 6. HP: 54/56 MP: 6/6
  2570 | D:4      | 2570 ||| INVOKING Spit Poison.
  2577 | D:4      | 2577 ||| INVOKING Spit Poison.
  2582 | D:4      | HP: 10/56 [iguana (6)]
  2583 | D:4      | 2583 ||| DRINKING potion of heal wounds.
  2584 | D:4      | 2584 ||| INVOKING Spit Poison.
  2631 | D:4      | 2631 ||| INVOKING Spit Poison.
  2635 | D:4      | Noticed Menkaure
  2641 | D:4      | Noticed Natasha
  2642 | D:4      | 2642 ||| INVOKING Spit Poison.
  2645 | D:4      | 2645 ||| INVOKING Spit Poison.
  2648 | D:4      | Killed Menkaure
  2648 | D:4      | HP: 13/56 [Natasha/magic dart (8)]
  2649 | D:4      | Reached XP level 7. HP: 11/66 MP: 7/7
  2649 | D:4      | Killed Natasha
  2699 | D:4      | Found a staircase to the Ecumenical Temple.
  2700 | D:4      | 2700 ||| PLANNING TEMPLE
  2705 | Temple   | Entered the Ecumenical Temple
  2714 | Temple   | 2714 ||| PLANNING OKAWARU WORSHIP
  2943 | Temple   | Became a worshipper of Warmaster Okawaru
  2943 | Temple   | 2943 ||| PLANNING D:1-11
  2994 | D:4      | 2994 ||| INVOKING Spit Poison.
  3036 | D:4      | 3036 ||| INVOKING Spit Poison.
  3052 | D:4      | Noticed Natasha
  3054 | D:4      | 3054 ||| INVOKING Spit Poison.
  3058 | D:4      | 3058 ||| INVOKING Spit Poison.
  3060 | D:4      | Killed Natasha
  3240 | D:4      | 3240 ||| INVOKING Spit Poison.
  3325 | D:4      | 3325 ||| DRINKING 2 metallic blue potions.
  3325 | D:4      | Gained mutation: You are frail. (-10% HP) [potion of
                  | mutation]
  3325 | D:4      | Gained mutation: You have a pair of small horns on your
                  | head. [potion of mutation]
  3326 | D:4      | 3326 ||| DRINKING potion of mutation.
  3326 | D:4      | Lost mutation: You are frail. (-10% HP) [potion of
                  | mutation]
  3326 | D:4      | Lost mutation: You have a pair of small horns on your head.
                  | [potion of mutation]
  3326 | D:4      | Gained mutation: You have a pair of small antennae on your
                  | head. [potion of mutation]
  3326 | D:4      | Gained mutation: You are dopey. (Int -2) [potion of
                  | mutation]
  3332 | D:4      | 3332 ||| DROPPING +0 helmet.
  3333 | D:4      | 3333 ||| READING 2 scrolls of identify.
  3333 | D:4      | 3333 ||| IDENTIFYING cyan potion
  3352 | D:5      | Entered Level 5 of the Dungeon
  3353 | D:5      | 3353 ||| INVOKING Spit Poison.
  3462 | D:5      | 3462 ||| INVOKING Spit Poison.
  3468 | D:5      | 3468 ||| INVOKING Spit Poison.
  3469 | D:5      | Reached skill level 7 in Ranged Weapons
  3471 | D:5      | 3471 ||| INVOKING Spit Poison.
  3546 | D:5      | 3546 ||| INVOKING Spit Poison.
  3551 | D:5      | 3551 ||| INVOKING Spit Poison.
  3555 | D:5      | 3555 ||| INVOKING Spit Poison.
  3558 | D:5      | 3558 ||| INVOKING Spit Poison.
  3615 | D:5      | Found an opulent altar of Gozag.
  3727 | D:5      | 3727 ||| INVOKING Spit Poison.
  3729 | D:5      | Reached * piety under Okawaru
  3730 | D:5      | Reached XP level 8. HP: 73/73 MP: 8/8
  3742 | D:5      | 3742 ||| INVOKING Spit Poison.
  3744 | D:5      | Reached skill level 1 in Invocations
  3752 | D:5      | Noticed Ijyb
  3753 | D:5      | 3753 ||| INVOKING Heroism.
  3759 | D:5      | 3759 ||| INVOKING Spit Poison.
  3763 | D:5      | 3763 ||| INVOKING Spit Poison.
  3767 | D:5      | 3767 ||| INVOKING Spit Poison.
  3767 | D:5      | Killed Ijyb
  3830 | D:5      | 3830 ||| INVOKING Spit Poison.
  3834 | D:5      | 3834 ||| INVOKING Spit Poison.
  3916 | D:5      | Noticed Grinder
  3935 | D:5      | Killed Grinder
  3936 | D:5      | Reached skill level 8 in Ranged Weapons
  4143 | D:5      | Found a bloodstained altar of Trog.
  4146 | D:5      | 4146 ||| READING scroll labelled KEUCAPH ADOA.
  4147 | D:5      | 4147 ||| READING scroll labelled WIEPATZ SURA.
  4179 | D:5      | 4179 ||| READING 2 scrolls of identify.
  4179 | D:5      | 4179 ||| IDENTIFYING viscous cyan potion
  4180 | D:5      | 4180 ||| DROPPING potion of lignification.
  4227 | D:6      | 4227 ||| INVOKING Spit Poison.
  4255 | D:6      | 4255 ||| INVOKING Heroism.
  4257 | D:6      | 4257 ||| INVOKING Spit Poison.
  4265 | D:6      | 4265 ||| INVOKING Spit Poison.
  4295 | D:6      | 4295 ||| INVOKING Spit Poison.
  4296 | D:6      | Identified the +0 robe "Eluagaecw" {Slay+2}
  4302 | D:6      | 4302 ||| INVOKING Spit Poison.
  4342 | D:6      | 4342 ||| INVOKING Heroism.
  4434 | D:6      | Reached skill level 3 in Invocations
  4442 | D:6      | Found Qink's General Store.
  4447 | D:6      | 4447 ||| BUYING potion of curing (33 gold).
  4447 | D:6      | Bought a potion of curing for 33 gold pieces
  4465 | D:6      | 4465 ||| INVOKING Heroism.
  4616 | D:6      | 4616 ||| INVOKING Spit Poison.
  4656 | D:6      | 4656 ||| INVOKING Spit Poison.
  4661 | D:6      | 4661 ||| INVOKING Spit Poison.
  4663 | D:6      | 4663 ||| INVOKING Heroism.
  4664 | D:6      | 4664 ||| INVOKING Spit Poison.
  4670 | D:6      | HP: 18/74 [gnoll sergeant/+0 spear of distortion (5)]
  4671 | D:6      | 4671 ||| READING scroll of teleportation.
  4671 | D:6      | HP: 7/74 [gnoll/+0 flail[a gnoll sergeant] (12)]
  4671 | D:6      | Mangled by a gnoll sergeant

Levels and vault maps discovered:
D:1:      denvon_arrival_planthouse, layout_basic
D:2:      layout_basic
D:3:      layout_basic, nicolae_overflow_hidden_temple,
          minmay_misc_feat_four_crosses
D:4:      layout_rooms, minmay_temple_entry_ruins, uniq_menkaure, uniq_natasha,
          uniq_eustachio
D:5:      kennysheep_big_flooded_room, layout_loops_ring,
          overflow_temple_1_default, kennysheep_mini_moat, uniq_ijyb,
          uniq_grinder
D:6:      layout_basic, serial_shops, shop
Temple:   eino_temple_water

Skill      XL: |  1  2  3  4  5  6  7  8 |
---------------+-------------------------+-----
Ranged Weapons | 4 5 6 7 8 |  8.9
Fighting       | 3 4 5 |  5.0
Dodging        | 2 |  2.3
Invocations    | 3 |  3.6
Stealth        | |  1.5

Action                     |  1- 3 |  4- 6 |  7- 9 || total
---------------------------+-------+-------+-------++-------
  Melee: Unarmed           |       |       |     2 ||     2
   Fire: Shortbow          |    60 |    66 |   146 ||   272
 Invoke: Heroism           |       |       |     5 ||     5
Ability: Spit Poison       |    34 |    25 |    29 ||    88
    Use: Scroll            |     2 |     4 |     5 ||    11
         Potion            |     1 |     3 |     2 ||     6
 Armour: Leather armour    |    14 |     6 |    13 ||    33
  Dodge: Dodged            |    26 |    17 |    52 ||    95

Table legend:
 A = Non-vault XP
 B = Vault XP
 C = Vault XP percentage of total XP
 D = Non-vault monster count
 E = Vault monster count
 F = Vault count percentage of total count
                 A         B        C        D         E       F
            +---------+---------+-------+---------+---------+-------
      Total |    1346 |     890 |  39.8 |      85 |       7 |   7.6
            +---------+---------+-------+---------+---------+-------
        D:1 |      19 |       0 |   0.0 |      12 |       0 |   0.0
        D:2 |      62 |       0 |   0.0 |      25 |       0 |   0.0
        D:3 |     107 |       0 |   0.0 |      12 |       0 |   0.0
        D:4 |     188 |     395 |  67.8 |      16 |       3 |  15.8
        D:5 |     398 |     495 |  55.4 |       7 |       4 |  36.4
        D:6 |     572 |       0 |   0.0 |      13 |       0 |   0.0
            +---------+---------+-------+---------+---------+-------
